 Dungeon Sprint DCSS version 0.30-a0-802-gb92711bcdf (webtiles) character file.

Game seed: 2482994370625608543

60032 rocky1 the Sorcerer (level 14, -13/88 HPs)
             Began as a Deep Elf Earth Elementalist on Feb 23, 2023.
             Was the Champion of Sif Muna.
             Killed from afar by Frances (42 damage)
             ... with a shard of ice
             ... in the Dungeon (Sprint VII: "The Pits") on Feb 24, 2023.
             The game lasted 00:32:47 (6369 turns).

rocky1 the Sorcerer (Deep Elf Earth Elementalist)   Turns: 6369, Time: 00:32:47

Health: -13/88     AC: 21    Str:  8    XL:     14   Next: 55%
Magic:  37/54      EV: 20    Int: 26    God:    Sif Muna [******]
Gold:   42         SH:  0    Dex: 18    Spells: 13/64 levels left

rFire   . . .      SeeInvis +    k - +0 dagger of Jyzedup {drain, rPois Will+ Dex+3}
rCold   . . .      Faith    .    (no shield)
rNeg    + + .      Spirit   .    s - +4 Cigotuvi's embrace {Corpsefed rMiasma Drain rN+}
rPois   +          Reflect  .    m - +1 helmet {SInv}
rElec   .          Harm     .    F - +2 cloak
rCorr   .          Rampage  .    l - +2 pair of gloves of the Butcher {rN+ Str+3 Stlth+}
Will    ++...      NoTele   +    q - +1 pair of boots
Stlth   +++                      (no amulet)
HPRegen 0.34/turn                w - +4 ring of protection
MPRegen 0.34/turn                I - ring of magical power

@: studying Air Magic
A: no striking features
a: Renounce Religion, Channel Magic, Forget Spell, Divine Exegesis


You were in the Dungeon.
You worshipped Sif Muna.
Sif Muna was exalted by your worship.
You visited 1 branch You collected 42 gold pieces.

Inventory:

Hand Weapons
 k - the +0 dagger of Jyzedup (weapon) {drain, rPois Will+ Dex+3}
   (You found it in the Dungeon)

   Dex:       It affects your dexterity (+3).
   rPois:     It protects you from poison.
   Will:      It increases your willpower.
 t - a +7 flail of protection
Missiles
 j - 2 curare-tipped darts
Armour
 l - the +2 pair of gloves of the Butcher (worn) {rN+ Str+3 Stlth+}
   (You found it in the Dungeon)

   Str:       It affects your strength (+3).
   rN:        It protects you from negative energy.
   Stlth:     It makes you more stealthy.
 m - a +1 helmet of see invisible (worn)
 q - a +1 pair of boots (worn)
 r - a +1 cloak
 s - the +4 Cigotuvi's embrace (worn) {Corpsefed rMiasma Drain rN+}
   (You found it in the Dungeon)

   Corpsefed: It gathers nearby corpses to temporarily increase the armour it
   provides.
   rMiasma:   It protects you from foul pestilence.
   rN:        It protects you from negative energy.
   Drain:     It drains your maximum health when unequipped.
 F - a +2 cloak (worn)
Magical Staves
 g - a staff of poison
 z - a staff of cold
Jewellery
 w - a +4 ring of protection (left hand)
 y - a ring of positive energy
 I - a ring of magical power (right hand)
Scrolls
 i - 4 scrolls of amnesia
 v - a scroll of brand weapon
 x - 2 scrolls of identify
 A - a scroll of blinking
 B - 2 scrolls of enchant weapon
 C - a scroll of fear
 D - a scroll of fog
 E - 4 scrolls of immolation
Potions
 b - 3 potions of magic
 c - 8 potions of curing
 d - 7 potions of heal wounds
 e - 2 potions of haste
 f - 3 potions of berserk rage
 h - a potion of invisibility
 n - 3 potions of resistance
 o - 4 potions of brilliance
 p - a potion of might
 u - 2 potions of mutation
Miscellaneous
 a - a condenser vane


   Skills:
 - Level 10.1 Fighting
 - Level 14.4 Dodging
 - Level 2.4 Stealth
 + Level 25.7 Spellcasting
 - Level 16.1 Conjurations
 - Level 16.3 Transmutations
 + Level 18.5 Fire Magic
 - Level 17.6 Earth Magic
 - Level 12.6 Invocations
 - Level 5.6 Evocations


You had 13 spell levels left.
You knew the following spells:

 Your Spells              Type           Power      Damage    Failure   Level
a - Ozocubu's Armour      Ice            33%        N/A       4%          3
b - Stone Arrow           Conj/Erth      100%       3d13      0%          3
c - Fireball              Conj/Fire      44%        3d18      1%          5
d - Irradiate             Conj/Tmut      43%        3d26      1%          5
e - Dragon Form           Tmut           43%        N/A       1%          7
f - Iron Shot             Conj/Erth      44%        9d9       1%          6
g - Iskenderun's Battles  Conj           87%        2d13      1%          5
h - Shatter               Erth           45%        3d35*     69%         9
i - Ignition              Fire           46%        3d13      4%          8

Your spell library contained the following spells:

 Spells                   Type           Power      Damage    Failure   Level
 Beastly Appendage        Tmut           100%       N/A       0%          1
 Foxfire                  Conj/Fire      100%       2x1d9     0%          1
 Magic Dart               Conj           100%       1d8       0%          1
 Sandblast                Erth           100%       2d20      0%          1
 Passwall                 Tmut/Erth      74%        N/A       0%          2
 Scorch                   Fire           100%       2d10      0%          2
 Searing Ray              Conj           100%       2d8       0%          2
 Wereblood                Tmut           87%        N/A       0%          2
 Flame Wave               Conj/Fire      89%        2d19      0%          4
 Petrify                  Tmut/Erth      89%        N/A       0%          4
 Sticky Flame             Conj/Fire      89%        2d10      0%          4
 Apportation              Tloc           66%        N/A       1%          1
 Freeze                   Ice            100%       1d10      1%          1
 Sting                    Tmut/Pois      100%       1d8       1%          1
 Ensorcelled Hibernation  Hex/Ice        66%        N/A       1%          2
 Lesser Beckoning         Tloc           66%        N/A       1%          2
 Momentum Strike          Conj/Tloc      100%       3d10      1%          2
 Poisonous Vapours        Pois/Air       66%        N/A       1%          2
 Static Discharge         Conj/Air       100%       2-7/arc   1%          2
 Sublimation of Blood     Necr           33%        N/A       1%          2
 Dazzling Flash           Conj/Hex       100%       N/A       1%          3
 Hailstorm                Conj/Ice       66%        3d14      1%          3
 Ignite Poison            Fire/Tmut/Pois 76%        N/A       1%          3
 Inner Flame              Hex/Fire       69%        N/A       1%          3
 Kindle Blastsparks       Fire/Tloc/Air  100%       2d18      1%          3
 Mephitic Cloud           Conj/Pois/Air  57%        N/A       1%          3
 Spider Form              Tmut/Pois      66%        N/A       1%          3
 Animate Armour           Summ/Erth      100%       N/A       1%          4
 Fulminant Prism          Conj/Hex       33%        3d16      1%          4
 Ice Form                 Ice/Tmut       66%        N/A       1%          4
 Iskenderun's Mystic Bla  Conj/Tloc      66%        2d14      1%          4
 Leda's Liquefaction      Hex/Erth       34%        N/A       1%          4
 Alistair's Intoxication  Tmut/Pois      44%        N/A       1%          5
 Arcjolt                  Conj/Air       33%        1d43      1%          5
 Blade Hands              Tmut           43%        N/A       1%          5
 Borgnjor's Vile Clutch   Necr/Erth      34%        N/A       1%          5
 Lee's Rapid Deconstruct  Erth           45%        3d22*     1%          5
 Lightning Bolt           Conj/Air       33%        1d50      1%          5
 Yara's Violent Unravell  Hex/Tmut       33%        3d14      1%          5
 Statue Form              Tmut/Erth      59%        N/A       1%          6
 Orb of Destruction       Conj           43%        9d12      1%          7
 Confusing Touch          Hex            33%        N/A       4%          3
 Frozen Ramparts          Ice            66%        1d10      4%          3
 Gell's Gravitas          Tloc           33%        N/A       4%          3
 Portal Projectile        Hex/Tloc       66%        N/A       4%          3
 Swiftness                Air            33%        N/A       4%          3
 Teleport Other           Tloc           33%        N/A       4%          3
 Tukima's Dance           Hex            33%        N/A       4%          3
 Vhi's Electric Charge    Tloc/Air       66%        N/A       4%          3
 Freezing Cloud           Conj/Ice/Air   28%        6-21      4%          5
 Eringya's Noxious Bog    Tmut/Pois      33%        N/A       7%          6
 Conjure Ball Lightning   Conj/Air       33%        3x3d11    8%          6
 Lehudib's Crystal Spear  Conj/Erth      44%        10d11     9%          8
 Cause Fear               Hex            16%        N/A       13%         4
 Olgreb's Toxic Radiance  Pois           33%        N/A       13%         4
 Passage of Golubria      Tloc           33%        N/A       13%         4
 Summon Ice Beast         Ice/Summ       33%        N/A       13%         4
 Summon Lightning Spire   Summ/Air       33%        N/A       13%         4
 Silence                  Hex/Air        16%        N/A       36%         5
 Summon Forest            Summ/Tloc      16%        N/A       36%         5
 Summon Mana Viper        Hex/Summ       33%        N/A       36%         5
 Storm Form               Tmut/Air       33%        N/A       36%         7
 Spellforged Servitor     Conj/Summ      33%        N/A       38%         7
 Fire Storm               Conj/Fire      44%        8d11      73%         9
 Dispersal                Tloc           16%        N/A       90%         6
 Simulacrum               Ice/Necr       16%        N/A       90%         6
 Summon Cactus Giant      Summ           16%        N/A       90%         6
 Necromutation            Tmut/Necr      33%        N/A       97%         8
 Malign Gateway           Summ/Tloc      16%        N/A       100%        7
 Monstrous Menagerie      Summ           16%        N/A       100%        7
 Summon Hydra             Summ           16%        N/A       100%        7
 Discord                  Hex            16%        N/A       100%        8
 Disjunction              Tloc           16%        N/A       100%        8
 Maxwell's Capacitive Co  Air            16%        ∞         100%        8
 Summon Horrible Things   Summ           16%        N/A       100%        8
 Chain Lightning          Conj/Air       33%        3d44      100%        9
 Dragon's Call            Summ           16%        N/A       100%        9


Dungeon Overview and Level Annotations

Branches:
Dungeon (1/1)

Altars:
Ashenzari
Cheibriados
Dithmenos
Elyvilon
Fedhas
Gozag
Hepliaklqana
Kikubaaqudgha
Makhleb
Nemelex Xobeh
Okawaru
Qazlal
Ru
Sif Muna
Trog
Uskayaw
Vehumet
Wu Jian
Xom
Yredelemnul
Zin
The Shining One
Jiyva
Lugonu

Annotations:
D Frances


Message History

Unfortunately, you learned nothing new.
You pick up Great Wizards, Vol.
VII and begin reading...
You add the spell Passage of Golubria to your library.
You pick up the Textbook on the Beguiling Cumulonimbus and begin reading...
You add the spells Swiftness and Vhi's Electric Charge to your library.
You see here a book of Weapons.
A purple draconian comes into view. It is wielding a +0 scimitar.
You see here a manual of Air Magic.
You pick up a manual of Air Magic and begin studying.
You see here a book of Weapons.
You pick up a book of Weapons and begin reading...
Unfortunately, you learned nothing new.
There are no items here.
Frances, Duchess of Pandemonium comes into view.
She is wielding a +0 hand axe and wearing a +2 chain mail of poison resistance.
The purple draconian roars!
Frances shouts!
Frances whispers indecipherable words.
The shard of ice hits you!!!
Ouch! That really hurt!
Frances completely misses you.
Aiming: Iron Shot (dangerous; 1% risk of failure)
Press: ? - help, Q - select action, (/) - cycle Shift-Dir - straight line, f - Frances
Aim: Frances, wielding a +0 hand axe and wearing a +2 chain mail of poison resistance (82% to hit)
The iron shot hits Frances!!!
Frances is moderately wounded.
Frances hits you with a +0 hand axe!
Aiming: Iron Shot (dangerous; 1% risk of failure)
Press: ? - help, Q - select action, (/) - cycle Shift-Dir - straight line, f/p - Frances
Aim: Frances, wielding a +0 hand axe and wearing a +2 chain mail of poison resistance (moderately wounded, 82% to hit)
The iron shot hits Frances!!
Frances is heavily wounded.
Frances chants phrases taken from a devil's mouth.
Aiming: Iron Shot (dangerous; 1% risk of failure)
Press: ? - help, Q - select action, (/) - cycle Shift-Dir - straight line, f/p - Frances
Aim: Frances, wielding a +0 hand axe and wearing a +2 chain mail of poison resistance (heavily wounded, 82% to hit)
The iron shot hits Frances!!!
Frances is almost dead.
The purple draconian closely misses you.
Frances chants phrases taken from a devil's mouth.
The shard of ice hits you!!!
You die...

)..#..#.(# ....
##[.# .#.#..#..#
#... .... #..##
...##'##'#
#..###..#..###).#
)..#.....#
#...#..###..#...#
.).'.....#
+.......#.......#
...#.....#
#...#..###..#...#
...##'##'#
#4.###..#..###..#
...#..#..#
#4d@#.......#..##
...#[.#..#
#@###.....###..#
...#).#..#
#..#.......#..##
...#..#..#
##...#.#.#...##
##.#######
#############


You could see Frances, a purple draconian and 2 red devils.

Vanquished Creatures
  An ancient lich (D)
  Saint Roka (D)
  A profane servitor (D)
  2 sphinxes (D)
  A death cob (D)
  5 nagarajas (D)
  A fire giant (D)
  A draconian scorcher (D)
  2 orc warlords (D)
  A draconian annihilator (D)
  A war gargoyle (D)
  A minotaur (D)
  A lorocyproca (D)
  A red draconian (D)
  A vampire knight (D)
  A deep elf demonologist (D)
  A black draconian (D)
  A green death (D)
  A deep elf death mage (D)
  2 deep elf high priests (D)
  2 great orbs of eyes (D)
  4 vault guards (D)
  Erolcha (D)
  A rakshasa (D)
  2 boulder beetles (D)
  An alligator snapping turtle (D)
  2 vampire magi (D)
  A naga warrior (D)
  A hell hog (D)
  2 deep elf knights (D)
  Sonja (D)
  A sun demon (D)
  4 fire crabs (D)
  An iron troll (D)
  A sixfirhy (D)
  A flayed ghost (D)
  A wizard (D)
  A lindwurm (D)
  13 orc knights (D)
  2 phantasmal warriors (D)
  A cyclops (D)
  An ugly thing (D)
  3 naga magi (D)
  An elephant (D)
  A gargoyle (D)
  3 eyes of devastation (D)
  An efreet (D)
  Psyche (D)
  A kobold demonologist (D)
  3 komodo dragons (D)
  A guardian mummy (D)
  A rime drake (D)
  An ice devil (D)
  A polar bear (D)
  Grinder (D)
  A hellwing (D)
  4 dream sheep (D)
  A jumping spider (D)
  An air elemental (D)
  3 ynoxinuls (D)
  3 wyverns (D)
  A water elemental (D)
  A wraith (D)
  A chaos spawn (D)
  2 redbacks (D)
  An acid dragon (D)
  Edmund (D)
  5 hell hounds (D)
  A black bear (shapeshifter) (D)
  6 orc warriors (D)
  2 wolves (D)
  2 ogres (D)
  A centaur (shapeshifter) (D)
  2 phantoms (D)
  An earth elemental (D)
  A kobold brigand (D)
  A necrophage (D)
  A bullfrog (D)
  A scorpion (D)
  4 killer bees (D)
  A crimson imp (D)
  A jelly (D)
  4 orc priests (D)
  A gnoll bouda (D)
  An orc wizard (D)
  6 gnolls (D)
  A river rat (D)
  An adder zombie (D)
  16 orcs (D)
  3 ball pythons (D)
  A bat zombie (D)
  3 endoplasms (D)
  A giant cockroach (D)
  A goblin (D)
  3 bats (D)
  2 frilled lizards (D)
  A giant cockroach zombie (D)
  A kobold (D)
  A rat (D)
188 creatures vanquished.

Vanquished Creatures (collateral kills)
  Pargi (D)
  An iron imp (D)
2 creatures vanquished.

Vanquished Creatures (others)
  2 fire vortices (D)
2 creatures vanquished.

Grand Total: 192 creatures vanquished

Notes
Turn   | Place    | Note
-------+----------+-------------------------------------------
     0 | D        | rocky1 the Deep Elf Earth Elementalist began the quest for
                  | the Orb.
     0 | D        | Reached XP level 1. HP: 10/10 MP: 6/6
    19 | D        | Found a bloodstained altar of Trog.
    19 | D        | Found a shimmering blue altar of Sif Muna.
    19 | D        | Found a viscous altar of Jiyva.
    19 | D        | Found a hazy altar of Hepliaklqana.
    19 | D        | Found an opulent altar of Gozag.
    20 | D        | Found a glowing golden altar of the Shining One.
    20 | D        | Found a glowing silver altar of Zin.
    20 | D        | Found a basalt altar of Yredelemnul.
    20 | D        | Found a shimmering altar of Xom.
    20 | D        | Found an ornate altar of the Wu Jian Council.
    20 | D        | Found a sacrificial altar of Ru.
    20 | D        | Found a stormy altar of Qazlal.
    20 | D        | Found an iron altar of Okawaru.
    20 | D        | Found a sparkling altar of Nemelex Xobeh.
    20 | D        | Found a burning altar of Makhleb.
    20 | D        | Found a blossoming altar of Fedhas.
    20 | D        | Found a white marble altar of Elyvilon.
    20 | D        | Found a shadowy altar of Dithmenos.
    20 | D        | Found a snail-covered altar of Cheibriados.
    23 | D        | Found a corrupted altar of Lugonu.
    23 | D        | Found a radiant altar of Vehumet.
    24 | D        | Found an ancient bone altar of Kikubaaqudgha.
    24 | D        | Found a hide-covered altar of Uskayaw.
    24 | D        | Found a broken altar of Ashenzari.
    37 | D        | Became a worshipper of Sif Muna the Loreminder
    72 | D        | Reached skill level 1 in Fighting
    89 | D        | Reached * piety under Sif Muna
   112 | D        | Noticed a scorpion
   115 | D        | Reached XP level 2. HP: 16/16 MP: 5/8
   115 | D        | Reached ** piety under Sif Muna
   153 | D        | Killed a scorpion
   154 | D        | Reached skill level 5 in Spellcasting
   154 | D        | Reached XP level 3. HP: 18/22 MP: 4/11
   206 | D        | Noticed a wolf
   209 | D        | Killed a wolf
   210 | D        | Reached skill level 5 in Dodging
   210 | D        | Reached skill level 6 in Spellcasting
   210 | D        | Reached XP level 4. HP: 25/28 MP: 10/14
   210 | D        | Reached XP level 5. HP: 29/32 MP: 10/15
   284 | D        | Noticed a phantom
   290 | D        | Learned a level 3 spell: Stone Arrow
   295 | D        | Learned a level 4 spell: Petrify
   302 | D        | Killed a phantom
   302 | D        | Reached *** piety under Sif Muna
   342 | D        | Noticed a phantom
   346 | D        | Killed a phantom
   347 | D        | Reached skill level 7 in Spellcasting
   347 | D        | Reached skill level 5 in Invocations
   347 | D        | Reached XP level 6. HP: 33/38 MP: 14/18
   368 | D        | Noticed Grinder
   369 | D        | Noticed Pargi
   380 | D        | Killed Pargi
   381 | D        | Reached skill level 8 in Spellcasting
   382 | D        | Killed Grinder
   382 | D        | Reached **** piety under Sif Muna
   383 | D        | Reached skill level 5 in Fighting
   383 | D        | Reached skill level 5 in Transmutations
   383 | D        | Reached XP level 7. HP: 22/44 MP: 16/21
   402 | D        | Noticed Sonja
   407 | D        | Killed Sonja
   408 | D        | Reached skill level 9 in Spellcasting
   408 | D        | Reached XP level 8. HP: 34/51 MP: 17/23
   578 | D        | Reached ***** piety under Sif Muna
   685 | D        | Noticed Erolcha
   712 | D        | Received a gift from Sif Muna
   713 | D        | Reached skill level 10 in Spellcasting
   713 | D        | Reached skill level 10 in Earth Magic
   717 | D        | Killed Erolcha
   718 | D        | Reached skill level 10 in Dodging
   718 | D        | Reached XP level 9. HP: 48/56 MP: 0/25
   718 | D        | Got Sif Muna's Secrets of Glowing Enchantment {god gift}
   989 | D        | Learned a level 5 spell: Irradiate
   997 | D        | Learned a level 7 spell: Dragon Form
  1010 | D        | Noticed a lindwurm
  1017 | D        | Killed a lindwurm
  1018 | D        | Reached skill level 11 in Spellcasting
  1268 | D        | Noticed a boulder beetle
  1337 | D        | Noticed a rime drake
  1337 | D        | Noticed a flayed ghost
  1349 | D        | Killed a flayed ghost
  1349 | D        | Received a gift from Sif Muna
  1352 | D        | Killed a rime drake
  1360 | D        | Got Sif Muna's Elucidation of Arcane Combat {god gift}
  1368 | D        | Learned a level 6 spell: Iron Shot
  1407 | D        | Reached skill level 12 in Spellcasting
  1427 | D        | Noticed an efreet
  1434 | D        | Killed an efreet
  1435 | D        | Reached XP level 10. HP: 63/63 MP: 7/28
  1439 | D        | Received a gift from Sif Muna
  1442 | D        | Reached skill level 10 in Invocations
  1446 | D        | Got Sif Muna's Vellum of the Shifting Blizzard {god gift}
  1565 | D        | Learned a level 3 spell: Ozocubu's Armour
  1573 | D        | Noticed a phantasmal warrior
  1580 | D        | Killed a phantasmal warrior
  1709 | D        | Reached ****** piety under Sif Muna
  1757 | D        | Reached skill level 10 in Transmutations
  1761 | D        | Received a gift from Sif Muna
  1762 | D        | Reached skill level 13 in Spellcasting
  1901 | D        | Killed a boulder beetle
  1901 | D        | Received a gift from Sif Muna
  1902 | D        | Got Sif Muna's Tome of the Relocated Gargoyle {god gift}
  1956 | D        | Reached skill level 10 in Conjurations
  2096 | D        | Noticed a fire crab
  2106 | D        | Killed a fire crab
  2258 | D        | Noticed a phantasmal warrior
  2264 | D        | Killed a phantasmal warrior
  2265 | D        | Reached XP level 11. HP: 69/69 MP: 12/30
  2351 | D        | Noticed a boulder beetle
  2355 | D        | Received a gift from Sif Muna
  2364 | D        | Killed a boulder beetle
  2365 | D        | Reached skill level 14 in Spellcasting
  2489 | D        | Got Lugagydech's Lectures on Aerial Alteration {god gift}
  2509 | D        | Learned a level 9 spell: Shatter
  2509 | D        | Noticed Edmund
  2509 | D        | Noticed a sixfirhy
  2510 | D        | Noticed an orc knight
  2511 | D        | Killed Edmund
  2511 | D        | Received a gift from Sif Muna
  2511 | D        | Killed a sixfirhy
  2512 | D        | Received a gift from Sif Muna
  2512 | D        | Killed an orc knight
  2593 | D        | Got Sif Muna's Secrets of the Forceful Wyrd {god gift}
  2593 | D        | Got Sif Muna's Octavo of Damage and Fumes {god gift}
  2790 | D        | Noticed Saint Roka
  2792 | D        | Reached skill level 15 in Spellcasting
  2803 | D        | Killed Saint Roka
  2804 | D        | Reached skill level 10 in Fighting
  2805 | D        | Received a gift from Sif Muna
  2809 | D        | Got Sif Muna's Quarto of Quicksand {god gift}
  2995 | D        | Learned a level 5 spell: Fireball
  3010 | D        | Noticed a fire crab
  3010 | D        | Noticed a sun demon
  3010 | D        | Noticed a fire giant
  3010 | D        | Noticed a green death
  3010 | D        | Noticed an alligator snapping turtle
  3010 | D        | Noticed a rakshasa
  3010 | D        | Noticed a great orb of eyes
  3011 | D        | Killed a fire giant
  3011 | D        | Killed a green death
  3012 | D        | Reached skill level 16 in Spellcasting
  3012 | D        | Reached XP level 12. HP: 77/77 MP: 17/34
  3013 | D        | Killed a rakshasa
  3016 | D        | Killed a great orb of eyes
  3017 | D        | Killed a lorocyproca
  3018 | D        | Reached skill level 5 in Fire Magic
  3018 | D        | Reached skill level 15 in Earth Magic
  3028 | D        | Killed an alligator snapping turtle
  3029 | D        | Received a gift from Sif Muna
  3272 | D        | Got the Incunable of Injury
  3323 | D        | Noticed Psyche
  3326 | D        | Killed Psyche
  3326 | D        | Noticed a profane servitor
  3327 | D        | Reached skill level 17 in Spellcasting
  3328 | D        | Noticed a great orb of eyes
  3337 | D        | HP: 2/112 [profane servitor/+3 whip of electrocution (17)]
  3343 | D        | Killed a profane servitor
  3345 | D        | Killed a great orb of eyes
  3367 | D        | Noticed a death cob
  3370 | D        | Killed a death cob
  3370 | D        | Received a gift from Sif Muna
  3372 | D        | Identified the amulet of Liskutoo {Faith -Tele Fly MP+9
                  | Dex+5}
  3372 | D        | Noticed a nagaraja
  3375 | D        | Killed a nagaraja
  3376 | D        | Reached skill level 18 in Spellcasting
  3402 | D        | Noticed a war gargoyle
  3403 | D        | Noticed a hell hog
  3406 | D        | Killed a war gargoyle
  3407 | D        | Reached skill level 15 in Transmutations
  3410 | D        | Killed a hell hog
  3455 | D        | Reached XP level 13. HP: 38/82 MP: 25/37
  3564 | D        | Received a gift from Sif Muna
  3569 | D        | Reached skill level 15 in Conjurations
  3571 | D        | Got Xocoppur's Quarto of the Missiles and Fascination {god
                  | gift}
  3578 | D        | Noticed a minotaur
  3584 | D        | Killed a minotaur
  3959 | D        | Learned a level 5 spell: Iskenderun's Battlesphere
  3962 | D        | Noticed an orc warlord
  3962 | D        | Noticed an orc warlord
  3965 | D        | Paralysed by an air elemental for 1 turns
  3974 | D        | Reached skill level 1 in Evocations
  3980 | D        | Received a gift from Sif Muna
  3982 | D        | Reached skill level 19 in Spellcasting
  3986 | D        | Killed an orc warlord
  3987 | D        | Reached skill level 10 in Fire Magic
  3991 | D        | Got Sif Muna's Atlas of Tectonic Reformation {god gift}
  4242 | D        | Killed an orc warlord
  4242 | D        | Received a gift from Sif Muna
  4245 | D        | Got Sif Muna's Exposition on Bruises {god gift}
  4508 | D        | Reached skill level 5 in Evocations
  4673 | D        | Noticed a vampire knight
  4681 | D        | Killed a vampire knight
  4681 | D        | Received a gift from Sif Muna
  4770 | D        | Got Poplurau's Reference Book on the Coals {god gift}
  4808 | D        | Learned a level 8 spell: Ignition
  4832 | D        | Got the +0 dagger of Jyzedup {drain, rPois Will+ Dex+3}
  4886 | D        | Reached skill level 20 in Spellcasting
  4902 | D        | Reached skill level 21 in Spellcasting
  4912 | D        | Found the +4 Cigotuvi's embrace {Corpsefed rMiasma Drain
                  | rN+}
  5018 | D        | Got the +2 pair of gloves of the Butcher {rN+ Str+3 Stlth+}
  5155 | D        | Received a gift from Sif Muna
  5177 | D        | Received a gift from Sif Muna
  5306 | D        | Noticed a deep elf death mage
  5307 | D        | Noticed a nagaraja
  5309 | D        | Killed a deep elf death mage
  5311 | D        | Noticed a yellow draconian annihilator
  5313 | D        | Killed a nagaraja
  5313 | D        | Noticed a sphinx
  5319 | D        | Noticed a nagaraja
  5330 | D        | Killed a yellow draconian annihilator
  5331 | D        | Reached skill level 22 in Spellcasting
  5333 | D        | Killed a sphinx
  5334 | D        | Reached XP level 14. HP: 43/88 MP: 21/42
  5336 | D        | Killed a nagaraja
  5336 | D        | Received a gift from Sif Muna
  5486 | D        | Got Sif Muna's Compilation of Therianthropy and the Compass
                  | {god gift}
  5549 | D        | Noticed a nagaraja
  5551 | D        | Noticed a nagaraja
  5565 | D        | Killed a nagaraja
  5566 | D        | Reached skill level 15 in Fire Magic
  5574 | D        | Reached skill level 23 in Spellcasting
  5712 | D        | Killed a nagaraja
  5861 | D        | Noticed an ancient lich
  5878 | D        | Killed an ancient lich
  5878 | D        | Received a gift from Sif Muna
  5879 | D        | Reached skill level 24 in Spellcasting
  5909 | D        | Got Loly's Excursus on the Sixfirhy and Blasting {god gift}
  5971 | D        | Reached skill level 25 in Spellcasting
  5971 | D        | Noticed a sphinx
  5980 | D        | Killed a sphinx
  6056 | D        | Received a gift from Sif Muna
  6079 | D        | Noticed a red draconian scorcher
  6081 | D        | Got Sif Muna's Elucidation of Flaming Blows {god gift}
  6083 | D        | Killed a red draconian scorcher
  6318 | D        | Got the Essays on the Vector
  6340 | D        | Got the Volume of Places and Incandescence
  6347 | D        | Got the Omnibus of the Candlemaker
  6357 | D        | Got the Textbook on the Beguiling Cumulonimbus
  6365 | D        | Noticed Frances
  6369 | D        | Killed from afar by Frances

Illustrated notes

Levels and vault maps discovered:
D:        pitsprint [storerooms_1, entrance_room_1, metal_vault_1, armoury_2,
          mini_pit_1, grid_room_1, main_hall_1, silver_pit, the_coven_3,
          the_vestibule_1, steel_vault_2, golden_pit, hallway_of_sentries,
          crystal_vault_4, iron_vault_2, final_vault]

Skill      XL: |  1  2  3  4  5  6  7  8  9 10 11 12 13 14 |
---------------+-------------------------------------------+-----
Dodging        | 3 4 5 6 8 9 10 11 12 14 | 14.4
Earth Magic    | 4 6 7 8 9 10 11 12 14 16 17 | 17.6
Fighting       | 1 2 3 4 5 6 7 8 10 | 10.1
Spellcasting   | 5 6 7 8 9 10 12 13 16 18 22 25 | 25.7
Invocations    | 2 3 5 6 7 8 9 11 12 | 12.6
Conjurations   | 2 4 6 7 8 10 12 14 16 | 16.1
Transmutations | 3 5 6 7 9 10 12 15 16 | 16.3
Fire Magic     | 3 8 14 18 | 18.5
Evocations     | 5 |  5.6
Stealth        | |  2.4

Action                     |  1- 3 |  4- 6 |  7- 9 | 10-12 | 13-15 || total
---------------------------+-------+-------+-------+-------+-------++-------
  Melee: Quarterstaff      |       |       |       |     3 |       ||     3
         Unarmed           |       |       |       |    11 |       ||    11
         Tailslap          |       |       |       |     3 |       ||     3
         Flail             |       |       |       |     1 |     3 ||     4
   Cast: Sandblast         |    15 |    14 |    11 |       |       ||    40
         Stone Arrow       |       |       |    40 |    84 |     1 ||   125
         Ozocubu's Armour  |       |       |       |     2 |       ||     2
         Shatter           |       |       |       |     4 |       ||     4
         Dragon Form       |       |       |       |     3 |       ||     3
         Fire Storm        |       |       |       |     2 |       ||     2
         Chain Lightning   |       |       |       |     1 |       ||     1
         Iron Shot         |       |       |       |    19 |   130 ||   149
         Fireball          |       |       |       |       |    24 ||    24
         Ignition          |       |       |       |       |     2 ||     2
 Invoke: Channel Magic     |       |       |     1 |     5 |    10 ||    16
         Divine Exegesis   |       |       |       |     7 |       ||     7
Ability: Breathe Fire      |       |       |       |     4 |       ||     4
    Use: Scroll            |       |     1 |     1 |     5 |     2 ||     9
         Potion            |       |       |     1 |    10 |     5 ||    16
 Armour: Robe              |       |       |       |     9 |       ||     9
         Skin              |       |       |       |     6 |       ||     6
         Leather armour    |       |       |       |     2 |    14 ||    16
  Dodge: Dodged            |     2 |     7 |    14 |    80 |    40 ||   143

Table legend: (Time is in decaauts)
 A = Elapsed time spent in this place.
 B = Non-inter-level travel time spent in this place.
 C = Inter-level travel time spent in this place.
 D = Time resting spent in this place.
 E = Time spent auto-exploring this place.
 F = Levels seen in this place.
 G = Mean time per level.
                   A        B        C        D        E       F      G
               +--------+--------+--------+--------+--------+-----+--------+
         Total |   6384 |   6302 |     82 |   4318 |      0 |   1 | 6384.0 |
       Dungeon |   6384 |   6302 |     82 |   4318 |      0 |   1 | 6384.0 |
               +--------+--------+--------+--------+--------+-----+--------+

Top non-repeatable levels by time:
       D: 6384 daAuts
